| TOP OF THE 1ST |
|
Binghamton Mets batting - Pitching for South Bend Cubs : RHP Ryohei Uda
|
|
Pitching: RHP Ryohei Uda
|
|
|
Batting: RHB Oscar Bravo
|
0-0: Foul Ball, location: 2F 0-1: Foul Ball, location: 2F 0-2: Ball 1-2: Foul Ball, location: 2F 1-2: Ball 2-2: SINGLE (Line Drive, 34D, EV 98.1 MPH)
|
|
Batting: RHB Jack Nickleberry
|
0-0: Called Strike 0-1: Ground out 4-3 (Groundball, 4S, EV 62.5 MPH) Oscar Bravo to second
|
|
Batting: SHB Masatoshi Akahoshi
|
0-0: Called Strike 0-1: Foul Ball, location: 2F 0-2: Strikes out swinging
|
|
Batting: SHB Alex Cavazos
|
0-0: Called Strike 0-1: Fly out, F8 (Flyball, 8RD, EV 83.1 MPH)
|
| Top of the 1st over - 0 runs, 1 hit, 0 errors, 1 left on base; Binghamton 0 - South Bend 0 |
| BOTTOM OF THE 1ST |
|
South Bend Cubs batting - Pitching for Binghamton Mets : RHP Jose Lara
|
|
Pitching: RHP Jose Lara
|
|
|
Batting: RHB Mike Savage
|
0-0: Ball 1-0: Ball 2-0: Ball 3-0: Called Strike 3-1: Base on Balls
|
|
Batting: RHB Leonardo Nava
|
0-0: Swinging Strike 0-1: Called Strike Mike Savage steals 2nd base 0-2: Strikes out swinging
|
|
Batting: RHB Jose Balderrama
|
0-0: Ball 1-0: Ball 2-0: Swinging Strike 2-1: Ground out 4-3 (Groundball, 13, EV 88.1 MPH) Mike Savage to third
|
|
Batting: LHB Angel Oropeza
|
0-0: Ground out 6-3 (Groundball, 6, EV 106.9 MPH)
|
| Bottom of the 1st over - 0 runs, 0 hits, 0 errors, 1 left on base; Binghamton 0 - South Bend 0 |
| TOP OF THE 2ND |
|
Binghamton Mets batting - Pitching for South Bend Cubs : RHP Ryohei Uda
|
|
Batting: SHB Jerry Burrows
|
0-0: Called Strike 0-1: Ball 1-1: SINGLE (Groundball, 4D, EV 97.5 MPH)
|
|
Batting: SHB Keith Casner
|
0-0: Swinging Strike 0-1: Ball 1-1: Fielders Choice at 2nd, 1-6 (Groundball, P, EV 73.1 MPH)
|
|
Batting: RHB Mike Hanks
|
0-0: Called Strike 0-1: Swinging Strike 0-2: Ball 1-2: Ball 2-2: Ball 3-2: Strikes out looking
|
|
Batting: RHB Jim Freels
|
0-0: Called Strike 0-1: Foul Ball, location: 2F 0-2: Foul Ball, location: 2F 0-2: Strikes out looking
|
| Top of the 2nd over - 0 runs, 1 hit, 0 errors, 1 left on base; Binghamton 0 - South Bend 0 |
| BOTTOM OF THE 2ND |
|
South Bend Cubs batting - Pitching for Binghamton Mets : RHP Jose Lara
|
|
Batting: SHB Gabriel Cruz
|
0-0: Called Strike 0-1: Ball 1-1: Called Strike 1-2: Ball 2-2: Ball 3-2: Foul Ball, location: 2F 3-2: Ground out 4-3 (Groundball, 34D, EV 88.1 MPH)
|
|
Batting: RHB Brad Santanello
|
0-0: SINGLE (Line Drive, 6M, EV 105.0 MPH)
|
|
Batting: LHB Mark Huey
|
0-0: Ball 1-0: Foul Ball, location: 2F 1-1: Ball 2-1: Foul Ball, location: 2F 2-2: Ball 3-2: Reached on error, E4 (Groundball, 4, EV 87.5 MPH) Brad Santanello to second
|
|
Batting: RHB Ricardo Aguinaga
|
0-0: Called Strike 0-1: Swinging Strike 0-2: Foul Ball, location: 2F 0-2: Strikes out looking
|
|
Batting: LHB Wing-tat Tai
|
0-0: Ball 1-0: Foul Ball, location: 2F 1-1: Fly out, F7 (Flyball, 78M, EV 88.8 MPH)
|
| Bottom of the 2nd over - 0 runs, 1 hit, 1 error, 2 left on base; Binghamton 0 - South Bend 0 |
| TOP OF THE 3RD |
|
Binghamton Mets batting - Pitching for South Bend Cubs : RHP Ryohei Uda
|
|
Batting: RHB Michael Youngberry
|
0-0: Ball 1-0: Swinging Strike 1-1: Ball 2-1: Foul Ball, location: 2F 2-2: Strikes out swinging, 2-3 out at first.
|
|
Batting: RHB Oscar Bravo
|
0-0: Bunted foul 0-1: Ball 1-1: Ball 2-1: Ball 3-1: Called Strike 3-2: Foul Ball, location: 2F 3-2: Foul Ball, location: 2F 3-2: DOUBLE (Flyball, 78D, EV 102.5 MPH)
|
|
Batting: RHB Jack Nickleberry
|
0-0: Called Strike 0-1: Ball 1-1: SINGLE (Groundball, 34D, EV 110.6 MPH) Oscar Bravo to third
|
|
Batting: SHB Masatoshi Akahoshi
|
0-0: Ball 1-0: Called Strike 1-1: Foul Ball, location: 2F 1-2: Ball 2-2: Strikes out swinging
|
|
Batting: SHB Alex Cavazos
|
0-0: Ball 1-0: Fly out, F8 (Line Drive, 8RM, EV 93.1 MPH)
|
| Top of the 3rd over - 0 runs, 2 hits, 0 errors, 2 left on base; Binghamton 0 - South Bend 0 |
| BOTTOM OF THE 3RD |
|
South Bend Cubs batting - Pitching for Binghamton Mets : RHP Jose Lara
|
|
Batting: RHB Mike Savage
|
0-0: Ball 1-0: Ball 2-0: Ball 3-0: Called Strike 3-1: SINGLE (Line Drive, 8LS, EV 90.0 MPH)
|
|
Batting: RHB Leonardo Nava
|
0-0: Ball 1-0: Foul Ball, location: 2F 1-1: Foul Ball, location: 2F 1-2: Ball 2-2: Strikes out swinging
|
|
Batting: RHB Jose Balderrama
|
0-0: Ball Mike Savage is caught stealing 2nd base 2-4 1-0: Ground out 1-3 (Groundball, 15S, EV 69.4 MPH)
|
| Bottom of the 3rd over - 0 runs, 1 hit, 0 errors, 0 left on base; Binghamton 0 - South Bend 0 |
| TOP OF THE 4TH |
|
Binghamton Mets batting - Pitching for South Bend Cubs : RHP Ryohei Uda
|
|
Batting: SHB Jerry Burrows
|
0-0: Ball 1-0: Foul Ball, location: 2F 1-1: Swinging Strike 1-2: Ball 2-2: Strikes out swinging
|
|
Batting: SHB Keith Casner
|
0-0: Swinging Strike 0-1: Swinging Strike 0-2: Ball 1-2: Ball 2-2: Strikes out looking
|
|
Batting: RHB Mike Hanks
|
0-0: Swinging Strike 0-1: Ball 1-1: Swinging Strike 1-2: Strikes out swinging
|
| Top of the 4th over - 0 runs, 0 hits, 0 errors, 0 left on base; Binghamton 0 - South Bend 0 |
| BOTTOM OF THE 4TH |
|
South Bend Cubs batting - Pitching for Binghamton Mets : RHP Jose Lara
|
|
Batting: LHB Angel Oropeza
|
0-0: Called Strike 0-1: Ball 1-1: Ground out U3 (Groundball, 34, EV 85.6 MPH)
|
|
Batting: SHB Gabriel Cruz
|
0-0: Foul Ball, location: 2F 0-1: Ball 1-1: Foul Ball, location: 2F 1-2: SINGLE (Groundball, 6D, EV 105.6 MPH)
|
|
Batting: RHB Brad Santanello
|
0-0: Fly out, F9 (Flyball, 89D, EV 83.1 MPH)
|
|
Batting: LHB Mark Huey
|
0-0: Ball 1-0: Swinging Strike 1-1: Ball 2-1: Ball 3-1: Swinging Strike 3-2: Strikes out swinging
|
| Bottom of the 4th over - 0 runs, 1 hit, 0 errors, 1 left on base; Binghamton 0 - South Bend 0 |
| TOP OF THE 5TH |
|
Binghamton Mets batting - Pitching for South Bend Cubs : RHP Ryohei Uda
|
|
Batting: RHB Jim Freels
|
0-0: Swinging Strike 0-1: Ball 1-1: Swinging Strike 1-2: Ball 2-2: Ball 3-2: Ground out 5-3 (Groundball, 56, EV 80.6 MPH)
|
|
Batting: RHB Michael Youngberry
|
0-0: Swinging Strike 0-1: Called Strike 0-2: Ball 1-2: Foul Ball, location: 2F 1-2: Strikes out swinging
|
|
Batting: RHB Oscar Bravo
|
0-0: Called Strike 0-1: Ball 1-1: Ball 2-1: Foul Ball, location: 2F 2-2: Foul Ball, location: 2F 2-2: Foul Ball, location: 2F 2-2: Foul Ball, location: 2F 2-2: Ball 3-2: Strikes out swinging
|
| Top of the 5th over - 0 runs, 0 hits, 0 errors, 0 left on base; Binghamton 0 - South Bend 0 |
| BOTTOM OF THE 5TH |
|
South Bend Cubs batting - Pitching for Binghamton Mets : RHP Jose Lara
|
|
Batting: RHB Ricardo Aguinaga
|
0-0: Ball 1-0: Swinging Strike 1-1: Ball 2-1: Ball 3-1: Called Strike 3-2: Strikes out swinging
|
|
Batting: LHB Wing-tat Tai
|
0-0: Called Strike 0-1: Ground out 4-3 (Groundball, 4, EV 81.2 MPH)
|
|
Batting: RHB Mike Savage
|
0-0: Ball 1-0: Ball 2-0: Called Strike 2-1: SINGLE (Groundball, 56D, EV 111.2 MPH)
|
|
Pitching: RHP Amare Golden
|
|
|
Batting: RHB Leonardo Nava
|
0-0: Fly out, F7 (Line Drive, 7LS, EV 95.0 MPH)
|
| Bottom of the 5th over - 0 runs, 1 hit, 0 errors, 1 left on base; Binghamton 0 - South Bend 0 |
| TOP OF THE 6TH |
|
Binghamton Mets batting - Pitching for South Bend Cubs : RHP Ryohei Uda
|
|
Batting: RHB Jack Nickleberry
|
0-0: Ball 1-0: Ball 2-0: Swinging Strike 2-1: Foul Ball, location: 2F 2-2: Foul Ball, location: 2F 2-2: Ground out 5-3 (Groundball, 5L, EV 81.9 MPH)
|
|
Batting: SHB Masatoshi Akahoshi
|
0-0: Called Strike 0-1: Ball 1-1: Called Strike 1-2: Strikes out looking
|
|
Batting: SHB Alex Cavazos
|
0-0: Swinging Strike 0-1: Called Strike 0-2: Strikes out swinging
|
| Top of the 6th over - 0 runs, 0 hits, 0 errors, 0 left on base; Binghamton 0 - South Bend 0 |
| BOTTOM OF THE 6TH |
|
South Bend Cubs batting - Pitching for Binghamton Mets : RHP Amare Golden
|
|
Batting: RHB Jose Balderrama
|
0-0: Called Strike 0-1: Ball 1-1: Ball 2-1: Called Strike 2-2: Foul Ball, location: 2F 2-2: Ball 3-2: Foul Ball, location: 2F 3-2: Ground out 5-3 (Groundball, 56S, EV 60.6 MPH)
|
|
Batting: LHB Angel Oropeza
|
0-0: Ball 1-0: Ball 2-0: Ball 3-0: Base on Balls
|
|
Batting: SHB Gabriel Cruz
|
0-0: Called Strike 0-1: Fielders Choice at 2nd, 1-6 (Groundball, 13S, EV 70.0 MPH)
|
|
Batting: RHB Brad Santanello
|
0-0: Ball 1-0: Foul Ball, location: 2F 1-1: Called Strike 1-2: Ball 2-2: Ground out 5-3 (Groundball, 56S, EV 70.0 MPH)
|
| Bottom of the 6th over - 0 runs, 0 hits, 0 errors, 1 left on base; Binghamton 0 - South Bend 0 |
| TOP OF THE 7TH |
|
Binghamton Mets batting - Pitching for South Bend Cubs : RHP Ryohei Uda
|
|
Batting: SHB Jerry Burrows
|
0-0: Ball 1-0: Foul Ball, location: 2F 1-1: Foul Ball, location: 2F 1-2: Foul Ball, location: 2F 1-2: Foul Ball, location: 2F 1-2: Strikes out looking
|
|
Batting: SHB Keith Casner
|
0-0: Ground out 6-3 (Groundball, 6, EV 83.8 MPH)
|
|
Batting: RHB Mike Hanks
|
0-0: Ball 1-0: Called Strike 1-1: Foul Ball, location: 2F 1-2: Ball 2-2: Strikes out swinging
|
| Top of the 7th over - 0 runs, 0 hits, 0 errors, 0 left on base; Binghamton 0 - South Bend 0 |
| BOTTOM OF THE 7TH |
|
South Bend Cubs batting - Pitching for Binghamton Mets : RHP Amare Golden
|
|
Pitching: RHP Jean-Pierre Carpentier
|
|
|
Batting: LHB Mark Huey
|
0-0: Fly out, F7 (Line Drive, 7, EV 100.0 MPH)
|
|
Batting: RHB Ricardo Aguinaga
|
0-0: Called Strike 0-1: Ball 1-1: Ball 2-1: Swinging Strike 2-2: Ground out 4-3 (Groundball, 4, EV 80.6 MPH)
|
|
Batting: LHB Wing-tat Tai
|
0-0: Ball 1-0: Ball 2-0: Foul Ball, location: 2F 2-1: Fly out, F8 (Flyball, 8LS, EV 88.1 MPH)
|
| Bottom of the 7th over - 0 runs, 0 hits, 0 errors, 0 left on base; Binghamton 0 - South Bend 0 |
| TOP OF THE 8TH |
|
Binghamton Mets batting - Pitching for South Bend Cubs : RHP Ryohei Uda
|
|
Pitching: LHP Virgílio Beyfus
|
|
|
Batting: RHB Jim Freels
|
0-0: Called Strike 0-1: Ball 1-1: Ball 2-1: Called Strike 2-2: Foul Ball, location: 2F 2-2: Foul Ball, location: 2F 2-2: Strikes out swinging
|
|
Batting: RHB Michael Youngberry
|
0-0: Ball 1-0: Called Strike 1-1: Foul Ball, location: 2F 1-2: Ground out 3-1 (Groundball, 34S, EV 90.6 MPH)
|
|
Batting: RHB Oscar Bravo
|
0-0: Called Strike 0-1: Swinging Strike 0-2: Strikes out swinging
|
| Top of the 8th over - 0 runs, 0 hits, 0 errors, 0 left on base; Binghamton 0 - South Bend 0 |
| BOTTOM OF THE 8TH |
|
South Bend Cubs batting - Pitching for Binghamton Mets : RHP Jean-Pierre Carpentier
|
|
Batting: RHB Mike Savage
|
0-0: Called Strike 0-1: Foul Ball, location: 2F 0-2: Foul Ball, location: 2F 0-2: Foul Ball, location: 2F 0-2: Strikes out swinging, 2-3 out at first.
|
|
Batting: RHB Leonardo Nava
|
0-0: Ball 1-0: Foul Ball, location: 2F 1-1: Called Strike 1-2: Foul Ball, location: 2F 1-2: Ball 2-2: Foul Ball, location: 2F 2-2: Strikes out swinging
|
|
Batting: RHB Jose Balderrama
|
0-0: Ground out 4-3 (Groundball, 4MD, EV 107.5 MPH)
|
| Bottom of the 8th over - 0 runs, 0 hits, 0 errors, 0 left on base; Binghamton 0 - South Bend 0 |
| TOP OF THE 9TH |
|
Binghamton Mets batting - Pitching for South Bend Cubs : LHP Virgílio Beyfus
|
|
Batting: RHB Jack Nickleberry
|
0-0: Ball 1-0: Ground out 4-3 (Groundball, 4M, EV 88.1 MPH)
|
|
Batting: SHB Masatoshi Akahoshi
|
0-0: Swinging Strike 0-1: Fly out, F9 (Line Drive, 9LS, EV 98.1 MPH)
|
|
Batting: SHB Alex Cavazos
|
0-0: Ball 1-0: Ball 2-0: Fly out, F8 (Flyball, 8RD, EV 101.2 MPH)
|
| Top of the 9th over - 0 runs, 0 hits, 0 errors, 0 left on base; Binghamton 0 - South Bend 0 |
| BOTTOM OF THE 9TH |
|
South Bend Cubs batting - Pitching for Binghamton Mets : RHP Jean-Pierre Carpentier
|
|
Pitching: RHP Iwao Machida
|
|
|
Batting: LHB Angel Oropeza
|
0-0: Called Strike 0-1: Called Strike 0-2: Ball 1-2: Fly out, F8 (Flyball, 8LM, EV 90.0 MPH)
|
|
Batting: SHB Gabriel Cruz
|
0-0: Ball 1-0: Called Strike 1-1: SINGLE (Flyball, 78S, EV 96.2 MPH)
|
|
Batting: RHB Brad Santanello
|
0-0: Called Strike 0-1: Ball 1-1: Called Strike Gabriel Cruz is caught stealing 2nd base 2-4 1-2: Strikes out swinging
|
| Bottom of the 9th over - 0 runs, 1 hit, 0 errors, 0 left on base; Binghamton 0 - South Bend 0 |
| TOP OF THE 10TH |
|
Binghamton Mets batting - Pitching for South Bend Cubs : LHP Virgílio Beyfus
|
|
Batting: SHB Jerry Burrows
|
0-0: Ball 1-0: Swinging Strike 1-1: Foul Ball, location: 2F 1-2: Foul Ball, location: 2F 1-2: Strikes out swinging
|
|
Pitching: RHP Jake Newman
|
|
|
Batting: SHB Keith Casner
|
0-0: Ball 1-0: Foul Ball, location: 2F 1-1: Foul Ball, location: 2F 1-2: Ball 2-2: Ball 3-2: Strikes out looking
|
|
Batting: RHB Mike Hanks
|
0-0: Ball 1-0: Foul Ball, location: 2F 1-1: Foul Ball, location: 2F 1-2: Strikes out swinging
|
| Top of the 10th over - 0 runs, 0 hits, 0 errors, 0 left on base; Binghamton 0 - South Bend 0 |
| BOTTOM OF THE 10TH |
|
South Bend Cubs batting - Pitching for Binghamton Mets : RHP Iwao Machida
|
|
Batting: LHB Mark Huey
|
0-0: Foul Ball, location: 2F 0-1: Fly out, F8 (Flyball, 8RM, EV 80.6 MPH)
|
|
Batting: RHB Ricardo Aguinaga
|
0-0: Foul Ball, location: 2F 0-1: Fly out, F9 (Flyball, 89S, EV 85.0 MPH)
|
|
Batting: LHB Wing-tat Tai
|
0-0: Swinging Strike 0-1: Fly out, F8 (Flyball, 78M, EV 86.9 MPH)
|
| Bottom of the 10th over - 0 runs, 0 hits, 0 errors, 0 left on base; Binghamton 0 - South Bend 0 |
| TOP OF THE 11TH |
|
Binghamton Mets batting - Pitching for South Bend Cubs : RHP Jake Newman
|
|
Batting: RHB Jim Freels
|
0-0: Reached on error, E4 (Groundball, 4, EV 108.8 MPH)
|
|
Batting: RHB Michael Youngberry
|
0-0: Bunted foul 0-1: Bunt missed! 0-2: Fielders Choice at 2nd, 1-6 (Groundball, 13S, EV 66.9 MPH)
|
|
Batting: RHB Oscar Bravo
|
0-0: Called Strike Michael Youngberry is caught stealing 2nd base 2-4 0-1: Ball 1-1: Ball 2-1: Foul Ball, location: 2F 2-2: Ball 3-2: Ground out U3 (Groundball, 3, EV 83.8 MPH)
|
| Top of the 11th over - 0 runs, 0 hits, 1 error, 0 left on base; Binghamton 0 - South Bend 0 |
| BOTTOM OF THE 11TH |
|
South Bend Cubs batting - Pitching for Binghamton Mets : RHP Iwao Machida
|
|
Batting: RHB Mike Savage
|
0-0: Swinging Strike 0-1: Ground out 4-3 (Groundball, 4, EV 85.0 MPH)
|
|
Batting: RHB Leonardo Nava
|
0-0: Ball 1-0: Foul Ball, location: 2F 1-1: Swinging Strike 1-2: Ball 2-2: Foul Ball, location: 2F 2-2: Ball 3-2: Foul Ball, location: 2F 3-2: Foul Ball, location: 2F 3-2: Foul Ball, location: 2F 3-2: Strikes out swinging
|
|
Batting: RHB Jose Balderrama
|
0-0: Ball 1-0: Foul Ball, location: 2F 1-1: Fly out, F8 (Flyball, 8LS, EV 89.4 MPH)
|
| Bottom of the 11th over - 0 runs, 0 hits, 0 errors, 0 left on base; Binghamton 0 - South Bend 0 |
| TOP OF THE 12TH |
|
Binghamton Mets batting - Pitching for South Bend Cubs : RHP Jake Newman
|
|
Pitching: RHP Jose Marrero
|
|
|
Batting: RHB Jack Nickleberry
|
0-0: Ball 1-0: Called Strike 1-1: Swinging Strike 1-2: Foul Ball, location: 2F 1-2: Strikes out swinging
|
|
Batting: SHB Masatoshi Akahoshi
|
0-0: Foul Ball, location: 2F 0-1: Ball 1-1: Called Strike 1-2: Foul Ball, location: 2F 1-2: Strikes out looking
|
|
Batting: SHB Alex Cavazos
|
0-0: Ball 1-0: Ball 2-0: Swinging Strike 2-1: Ground out 6-3 (Groundball, 6, EV 91.9 MPH)
|
| Top of the 12th over - 0 runs, 0 hits, 0 errors, 0 left on base; Binghamton 0 - South Bend 0 |
| BOTTOM OF THE 12TH |
|
South Bend Cubs batting - Pitching for Binghamton Mets : RHP Iwao Machida
|
|
Batting: LHB Angel Oropeza
|
0-0: Ball 1-0: Called Strike 1-1: Ground out 4-3 (Groundball, 4D, EV 81.9 MPH)
|
|
Batting: SHB Gabriel Cruz
|
0-0: Ball 1-0: Ground out 4-3 (Groundball, 4, EV 91.9 MPH)
|
|
Batting: RHB Brad Santanello
|
0-0: Called Strike 0-1: Swinging Strike 0-2: Ground out 5-3 (Groundball, 56, EV 90.6 MPH)
|
| Bottom of the 12th over - 0 runs, 0 hits, 0 errors, 0 left on base; Binghamton 0 - South Bend 0 |
| TOP OF THE 13TH |
|
Binghamton Mets batting - Pitching for South Bend Cubs : RHP Jose Marrero
|
|
Batting: SHB Jerry Burrows
|
0-0: Called Strike 0-1: Foul Ball, location: 2F 0-2: Strikes out swinging
|
|
Batting: SHB Keith Casner
|
0-0: Ball 1-0: Ball 2-0: SINGLE (Groundball, 34D, EV 106.2 MPH)
|
|
Pitching: LHP Alex Gandarilla
|
|
|
Batting: RHB Mike Hanks
|
0-0: Called Strike 0-1: Called Strike 0-2: Strikes out looking
|
|
Batting: RHB Jim Freels
|
0-0: Ball 1-0: Ball 2-0: Ball 3-0: Base on Balls Keith Casner to second
|
|
Batting: RHB Michael Youngberry
|
0-0: SINGLE (Line Drive, 7S, EV 103.1 MPH) Keith Casner to third Jim Freels to second
|
|
Batting: RHB Oscar Bravo
|
0-0: Ball Wild Pitch! Keith Casner scores Jim Freels to third Michael Youngberry to second 1-0: Ground out 6-3 (Groundball, 6MS, EV 86.9 MPH)
|
| Top of the 13th over - 1 run, 2 hits, 0 errors, 2 left on base; Binghamton 1 - South Bend 0 |
| BOTTOM OF THE 13TH |
|
South Bend Cubs batting - Pitching for Binghamton Mets : RHP Iwao Machida
|
|
Pitching: LHP Ken Dewey
|
|
|
Pinch Hitting: RHB Puluke Konane
|
0-0: Called Strike 0-1: Foul Ball, location: 2F 0-2: Ball 1-2: Foul Ball, location: 2F 1-2: Fly out, F7 (Flyball, 7, EV 81.2 MPH)
|
|
Batting: RHB Ricardo Aguinaga
|
0-0: Called Strike 0-1: Fly out, F8 (Flyball, 8LD, EV 90.0 MPH)
|
|
Pinch Hitting: RHB Denis Rachin
|
0-0: Ball 1-0: Ball 2-0: Ball 3-0: Foul Ball, location: 2F 3-1: SINGLE (Flyball, 8LD, EV 104.4 MPH)
|
|
Batting: RHB Mike Savage
|
0-0: Ball 1-0: Foul Ball, location: 2F 1-1: Ground out U3 (Groundball, 3L, EV 103.1 MPH)
|
| Bottom of the 13th over - 0 runs, 1 hit, 0 errors, 1 left on base; Binghamton 1 - South Bend 0 |
|